 Dungeon Crawl Stone Soup version 0.28-a0-1447-ga5a8893891 (webtiles) character file.

Game seed: 7990176370387953180

7797 shadowrider38 the Fighter (level 11, 0/172 HPs)
             Began as a Troll Fighter on Jan 11, 2022.
             Was a High Priest of Okawaru.
             Slain by a black mamba (6 damage)
             ... on level 1 of the Lair of Beasts.
             The game lasted 00:20:38 (10797 turns).

shadowrider38 the Fighter (Troll Fighter)          Turns: 10797, Time: 00:20:39

Health: 0/172      AC:  8    Str: 30    XL:     11   Next: 1%
Magic:  19/19      EV:  8    Int:  4    God:    Okawaru [*****.]
Gold:   459        SH:  8    Dex:  9    Spells: 10/10 levels left

rFire   . . .      SeeInvis .   a - +0 broad axe (flame)
rCold   + . .      Faith    .   c - +0 kite shield
rNeg    . . .      Spirit   .   r - +0 steam dragon scales
rPois   .          Reflect  .   (helmet restricted)
rElec   .          Harm     .   e - +0 cloak
rCorr   .          Rampage  .   (gloves unavailable)
Will    .....                   (boots unavailable)
Stlth   ..........              s - amulet of magic regeneration
HPRegen 1.18/turn               f - ring of magical power
MPRegen 0.56/turn               t - ring of protection from cold

@: berserking, lethally poisoned (0 -> -8), very quick
A: large, unfitting armour, claws 3, regeneration 1, shaggy fur 1, tough skin 1
a: Renounce Religion, Heroism, Finesse, Duel


You were on level 1 of the Lair of Beasts.
You worshipped Okawaru.
Okawaru was extremely pleased with you.
You visited 3 branches of the dungeon, and saw 11 of its levels.

You collected 459 gold pieces.

Inventory:

Hand Weapons
 a - a +0 broad axe of flaming (weapon)
 G - a +3 battleaxe of freezing
Missiles
 h - 164 stones (quivered)
 o - 4 boomerangs
 v - 19 poisoned darts
 B - 2 datura-tipped darts
 H - 5 javelins
Armour
 c - a +0 kite shield (worn)
 e - a +0 cloak (worn)
 r - +0 steam dragon scales (worn)
Jewellery
 f - a ring of magical power (left claw)
 s - an amulet of magic regeneration (around neck)
 t - a ring of protection from cold (right claw)
Wands
 b - a wand of polymorph (3)
 x - a wand of mindburst (15)
 C - a wand of flame (10)
 F - a wand of paralysis (6)
Scrolls
 g - 2 scrolls of enchant armour {unknown}
 i - a scroll of vulnerability
 m - a scroll of immolation {unknown}
 u - 2 scrolls of fear {unknown}
 y - a scroll of amnesia {unknown}
 z - a scroll of magic mapping {unknown}
 A - a scroll of teleportation
Potions
 d - 2 potions of might
 j - 3 potions of flight
 k - a potion of mutation
 l - 2 potions of attraction
 n - 2 potions of lignification
 p - a potion of curing
 w - a potion of berserk rage
 D - a potion of magic
 E - a potion of haste


   Skills:
 + Level 9.6 Fighting
 + Level 9.5(9.6) Axes
 - Level 1.7(6.8) Maces & Flails
 - Level 2.4 Dodging
 - Level 6.0 Shields


You had 10 spell levels left.
You didn't know any spells.
Your spell library contained the following spells:

 Spells                   Type           Power      Damage    Failure   Level
 Apportation              Tloc           0%         N/A       77%         1
 Corpse Rot               Necr/Air       0%         N/A       88%         2
 Sublimation of Blood     Necr           0%         N/A       88%         2
 Gell's Gravitas          Tloc           0%         N/A       98%         3
 Lesser Beckoning         Tloc           0%         N/A       98%         3
 Teleport Other           Tloc           0%         N/A       98%         3
 Dispel Undead            Necr           0%         3d6       100%        4
 Petrify                  Tmut/Erth      0%         N/A       100%        4
 Irradiate                Conj/Tmut      0%         3d14      100%        5
 Animate Skeleton         Necr           Unusable   N/A       N/A         1
 Summon Small Mammal      Summ           Unusable   N/A       N/A         1
 Death Channel            Necr           Unusable   N/A       N/A         6

Dungeon Overview and Level Annotations

Branches:
Dungeon (9/15)             Temple (1/1) D:4            Lair (1/6) D:8
    Orc: D:9-12

Altars:
Ashenzari
Cheibriados
Dithmenos
Elyvilon
Fedhas
Gozag
Hepliaklqana
Kikubaaqudgha
Makhleb
Nemelex Xobeh
Okawaru
Qazlal
Ru
Sif Muna
Trog
Uskayaw
Vehumet
Wu Jian
Xom
Yredelemnul
Zin
The Shining One

Shops:
D:3 (

Annotations:
D:4 exclusion: downstairs


Innate Abilities, Weirdness & Mutations

You are too large for most types of armour.
You have claws for hands.
Your natural rate of healing is unusually fast.
You are covered in fur. (AC +1)
You have tough skin. (AC +1)


Message History

Aiming: Paralyse
Press: ? - help, Shift-Dir - straight line, f/p - black mamba
Aim: a black mamba (heavily wounded, chance to affect: 49%)
The black mamba resists with some effort.
You feel extremely sick. The black mamba bites you.
* * * LOW HITPOINT WARNING * * *
The black mamba bites you.
* * * LOW HITPOINT WARNING * * *
Aiming: Paralyse
Press: ? - help, Shift-Dir - straight line, f/p - black mamba
Aim: a black mamba (heavily wounded, chance to affect: 49%)
The black mamba resists with some effort.
You feel very sick. You block the black mamba's attack.
The black mamba bites you!
* * * LOW HITPOINT WARNING * * *
You feel much better.
You feel very sick. You block the black mamba's attack.
The black mamba barely misses you.
Okay, then.
You miss the black mamba.
The black mamba is heavily wounded.
You feel very sick. The black mamba bites you!
* * * LOW HITPOINT WARNING * * *
The black mamba bites you but does no damage.
A red film seems to cover your vision as you go berserk!
You feel yourself moving faster!
You feel mighty!
You feel very sick. The black mamba bites you.
* * * LOW HITPOINT WARNING * * *
You are more poisoned.
The black mamba poisons you! You block the black mamba's attack.
You slash the black mamba! You burn the black mamba.
The black mamba is almost dead.
You feel very sick. The black mamba bites you!
* * * LOW HITPOINT WARNING * * *
The black mamba bites you.
You die...

...#.........####.# ..
.......###.....##.## ...
......## ###.......# ....
.....## ###.....## .....
....## ###....#......
...#### #.#..(......
..###.## ##...........
.#..P..########............
#.......##......@S.........
##.........................
#........###...............
.......### #######.........
.......## #.........
........### ### ##.......
..........###.### #.....
.......#...#....###.....
......###.......#...#


You could see a black mamba.

Vanquished Creatures
  5 death yaks
  A two-headed ogre (D:8)
  Grinder (D:5)
  2 wyverns
  8 yaks
  A steam dragon (D:6)
  2 water moccasins
  An orc warrior (D:6)
  A necrophage (D:6)
  An ice beast (D:6)
  A sky beast (D:5)
  A black bear (D:6)
  A centaur (D:7)
  A kobold brigand (D:7)
  Blork the orc (D:5)
  A gnoll sergeant (D:6)
  2 bullfrogs
  A wyvern zombie (D:8)
  2 wyvern skeletons (D:7)
  A water moccasin skeleton (D:6)
  16 wights
  A howler monkey (D:6)
  A bullfrog zombie (D:7)
  3 hounds
  A jelly (D:5)
  An orc priest (D:2)
  3 iguanas
  2 orc wizards
  A killer bee zombie (D:6)
  A hound skeleton (D:4)
  2 howler monkey zombies
  9 gnolls
  8 adders
  An ufetubus (D:5)
  An adder skeleton (D:4)
  5 dart slugs
  11 orcs
  11 ball pythons
  7 endoplasms
  3 giant cockroaches
  4 goblins
  7 hobgoblins
  4 quokkas
  6 bats (D:1)
  5 frilled lizards
  15 kobolds
  4 rats
168 creatures vanquished.

Vanquished Creatures (others)
  2 plants (D:5)
2 creatures vanquished.

Grand Total: 170 creatures vanquished

Notes
Turn   | Place    | Note
-------+----------+-------------------------------------------
     0 | D:1      | shadowrider38 the Troll Fighter began the quest for the
                  | Orb.
     0 | D:1      | Reached XP level 1. HP: 22/22 MP: 0/0
    37 | D:1      | Found a faded altar of an unknown god.
   239 | D:1      | Reached XP level 2. HP: 31/31 MP: 1/1
   648 | D:1      | Reached XP level 3. HP: 34/37 MP: 2/2
  1968 | D:2      | Reached XP level 4. HP: 45/48 MP: 3/3
  2690 | D:3      | Found Munlol's Weapon Boutique.
  3081 | D:2      | Reached XP level 5. HP: 42/55 MP: 4/4
  3170 | D:2      | Reached skill level 5 in Fighting
  4357 | D:4      | Reached XP level 6. HP: 66/66 MP: 5/5
  4642 | D:4      | Found a staircase to the Ecumenical Temple.
  4860 | Temple   | Entered the Ecumenical Temple
  5117 | Temple   | Became a worshipper of Warmaster Okawaru
  5171 | D:5      | Entered Level 5 of the Dungeon
  5329 | D:5      | Found a blossoming altar of Fedhas.
  5345 | D:5      | Noticed Grinder
  5362 | D:5      | Paralysed by Grinder for 7 turns
  5468 | D:5      | Noticed Blork the orc
  5594 | D:5      | Killed Blork the orc
  5595 | D:5      | Reached skill level 1 in Axes
  5634 | D:5      | Noticed a sky beast
  5647 | D:5      | Killed a sky beast
  5648 | D:5      | Reached XP level 7. HP: 68/75 MP: 6/6
  5938 | D:6      | Reached * piety under Okawaru
  5996 | D:6      | Noticed a steam dragon
  6053 | D:6      | Killed a steam dragon
  6054 | D:6      | Reached skill level 5 in Axes
  6054 | D:6      | Reached XP level 8. HP: 17/83 MP: 7/7
  6318 | D:5      | Paralysed by Grinder for 2 turns
  6328 | D:5      | Killed Grinder
  6711 | D:6      | Reached ** piety under Okawaru
  6773 | D:6      | Reached skill level 5 in Shields
  7675 | D:6      | Reached XP level 9. HP: 78/82 MP: 8/8
  7881 | D:7      | Reached *** piety under Okawaru
  8618 | D:8      | Found a staircase to the Lair.
  8619 | D:8      | Noticed a death yak
  8633 | D:8      | Noticed a death yak
  8633 | D:8      | Noticed a death yak
  8639 | D:8      | Noticed a death yak
  8640 | D:8      | Noticed a death yak
  8727 | D:8      | Reached **** piety under Okawaru
  8736 | D:8      | Reached XP level 10. HP: 104/104 MP: 9/9
  9143 | D:8      | Noticed a two-headed ogre
  9150 | D:8      | Killed a two-headed ogre
  9368 | D:8      | Killed a death yak
  9561 | D:7      | Killed a death yak
  9561 | D:7      | Reached ***** piety under Okawaru
  9752 | D:7      | Killed a death yak
 10091 | D:7      | Killed a death yak
 10501 | D:8      | Killed a death yak
 10506 | D:8      | Reached XP level 11. HP: 83/115 MP: 10/10
 10650 | Lair:1   | Entered Level 1 of the Lair of Beasts
 10793 | Lair:1   | HP: 3/115 [black mamba (14)]
 10797 | Lair:1   | Slain by a black mamba

Illustrated notes

Levels and vault maps discovered:
D:1:      psy_arrival_basics, layout_loops_corners,
          ebering_ecumenical_altar_sacrificial
D:2:      minmay_general_purpose_star, layout_basic
D:3:      layout_basic, serial_shops, nicolae_shop_bloodbath_and_beyond,
          serial_bayou_pond_a, feat_on_display
D:4:      layout_basic, minmay_temple_entry_fiery
D:5:      layout_rooms, fedhas_ov_isle_minmay, minmay_misc_feat_tower,
          dk_noncrumbling_3, uniq_blork_the_orc, uniq_grinder
D:6:      layout_loops_ring, grunt_tough_drop
D:7:      layout_loops_cross
D:8:      layout_loops_ring, dpeg_lair_monsters
D:9:      layout_basic, minmay_orc_entry_temple_small
Temple:   nicolae_temple_the_god_donut
Lair:1:   layout_cave_pods

Skill      XL: |  1  2  3  4  5  6  7  8  9 10 |
---------------+-------------------------------+-----
Fighting       | 3 4 5 6 7 9 |  9.6
Axes           | 2 5 7 9 |  9.5
Shields        | 6 |  6.0
Maces & Flails | |  1.7
Dodging        | |  2.4

Action                   |  1- 3 |  4- 6 |  7- 9 | 10-12 || total
-------------------------+-------+-------+-------+-------++-------
Melee: Flail             |    18 |    26 |       |       ||    44
       Unarmed           |   122 |   157 |       |       ||   279
       Broad axe         |       |    36 |   272 |    95 ||   403
Throw: Stone             |       |     3 |       |       ||     3
       Javelin           |       |       |       |     1 ||     1
Invok: Heroism           |       |       |     1 |     1 ||     2
Evoke: Wand              |       |       |       |     2 ||     2
  Use: Scroll            |       |       |    11 |       ||    11
       Potion            |       |       |       |     3 ||     3
 Stab: Sleeping          |     1 |     1 |       |       ||     2
Armor: Robe              |    51 |    77 |    22 |       ||   150
       Steam dragon scal |       |       |    64 |    12 ||    76
Dodge: Dodged            |    53 |    72 |   104 |    35 ||   264
Block: Kite shield       |    35 |    81 |   119 |    42 ||   277

Table legend: (Time is in decaauts)
 A = Elapsed time spent in this place.
 B = Non-inter-level travel time spent in this place.
 C = Inter-level travel time spent in this place.
 D = Time resting spent in this place.
 E = Time spent auto-exploring this place.
 F = Levels seen in this place.
 G = Mean time per level.
                   A        B        C        D        E       F      G
               +--------+--------+--------+--------+--------+-----+--------+
         Total |  11043 |  10101 |    942 |   3253 |   4223 |  11 | 1003.9 |
       Dungeon |  10612 |   9713 |    899 |   3253 |   3881 |   9 | 1179.1 |
        Temple |    280 |    237 |     43 |      0 |    220 |   1 |  280.0 |
          Lair |    150 |    150 |      0 |      0 |    122 |   1 |  150.0 |
               +--------+--------+--------+--------+--------+-----+--------+

Top non-repeatable levels by time:
     D:7: 1857 daAuts
     D:2: 1762 daAuts
     D:8: 1559 daAuts
     D:1: 1364 daAuts
     D:6: 1315 daAuts
     D:3: 1052 daAuts
     D:4: 980 daAuts
     D:5: 719 daAuts
  Temple: 280 daAuts
  Lair:1: 150 daAuts
     D:9: 1 daAuts
